 Dungeon Crawl Stone Soup version 0.30-a0-782-ge64f9170bb (webtiles) character file.

Game seed: 151150660196951956

134729 mopl the Unseen (level 16, -15/124 HPs)
             Began as a White Draconian Enchanter on Feb 27, 2023.
             Was the Champion of Dithmenos.
             Demolished by a tyrant leech (43 damage)
             ... on level 3 of the Swamp on Mar 1, 2023.
             The game lasted 01:25:03 (27451 turns).

mopl the Unseen (White Draconian Enchanter)        Turns: 27451, Time: 01:25:03

Health: -15/124    AC: 17    Str: 11 (13) XL:     16   Next: 62%
Magic:  25/29      EV: 18    Int: 22 (23) God:    Dithmenos [******]
Gold:   1090       SH:  7    Dex: 18 (19) Spells: 12/34 levels left

rFire   + . .      SeeInvis .    a - +1 dagger (elec)
rCold   + . .      Faith    .    L - +2 buckler {rF+}
rNeg    . . .      Spirit   .    (body armour unavailable)
rPois   +          Reflect  .    V - +2 hat {Stlth+}
rElec   +          Harm     .    H - +1 cloak {rCorr}
rCorr   +          Rampage  .    X - +1 pair of gloves of Enou {Str+3 Int+3}
Will    +....                    w - +1 pair of boots Stlth ******++++
                                 E - amulet "Guamiw" {rElec rPois Regen+ Dex+3 Stlth+}
HPRegen 1.20/turn                j - +4 ring of slaying
MPRegen 0.21/turn                c - +5 ring of evasion

@: flying, wreathed by umbra, invisible
A: breathe frost, AC +9, unfitting armour, cold resistance 1, cold-blooded,
deterioration 1
a: Breathe Frost, Renounce Religion, Shadow Step, Shadow Form


You were on level 3 of the Swamp.
You worshipped Dithmenos.
Dithmenos was exalted by your worship.
You visited 5 branches of the dungeon, and saw 26 of its levels.
You also visited: Gauntlet.

You collected 2330 gold pieces.
You spent 1240 gold pieces at shops.

Inventory:

Hand Weapons
 a - a +1 dagger of electrocution (weapon)
 b - a +8 rapier of speed
 A - a +3 scimitar of flaming
Missiles
 i - 2 atropa-tipped darts
 l - 3 throwing nets
 q - 56 poisoned darts
 N - 2 curare-tipped darts
Armour
 w - a +1 pair of boots (worn)
 H - a +1 cloak of preservation (worn)
 L - a +2 buckler of fire resistance (worn)
 V - a +2 hat of stealth (worn)
 X - the +1 pair of gloves of Enou (worn) {Str+3 Int+3}
   (You found it on level 5 of the Lair of Beasts)

   Str:       It affects your strength (+3).
   Int:       It affects your intelligence (+3).
Jewellery
 c - a +5 ring of evasion (right hand)
 j - a +4 ring of slaying (left hand)
 x - a ring of positive energy
 E - the amulet "Guamiw" (around neck) {rElec rPois Regen+ Dex+3 Stlth+}
   (You found it in a Gauntlet)

   [amulet of regeneration]

   Dex:       It affects your dexterity (+3).
   rElec:     It insulates you from electricity.
   rPois:     It protects you from poison.
   Regen:     It increases your rate of health regeneration.
   Stlth:     It makes you more stealthy.
 Q - a ring of protection from cold
Wands
 n - a wand of quicksilver (7)
 u - a wand of flame (35)
 F - a wand of polymorph (17)
 I - a wand of paralysis (19)
 R - a wand of digging (12)
 T - a wand of mindburst (6)
 Z - a wand of iceblast (1)
Scrolls
 g - 3 scrolls of blinking
 k - 7 scrolls of magic mapping
 m - 5 scrolls of fear
 o - 2 scrolls of brand weapon
 p - 17 scrolls of teleportation
 v - 5 scrolls of immolation
 y - 7 scrolls of poison
 B - 5 scrolls of fog
 G - a scroll of enchant armour
 O - 4 scrolls of vulnerability
 S - a scroll of summoning
 Y - 3 scrolls of silence {!r}
Potions
 d - 2 potions of flight
 e - 16 potions of curing
 f - 3 potions of magic
 r - a potion of brilliance
 s - 4 potions of invisibility
 t - 5 potions of lignification {!q}
 z - 2 potions of haste
 C - a potion of mutation {!q}
 D - a potion of berserk rage {!q}
 J - 2 potions of heal wounds
 K - a potion of resistance
 M - 2 potions of might
 P - a potion of ambrosia
 U - 2 potions of cancellation
Miscellaneous
 h - a box of beasts
 W - a piece from Xom's chessboard (15/15)


   Skills:
 + Level 6.5 Fighting
 + Level 11.3 Short Blades
 + Level 4.0 Dodging
 + Level 15.5 Stealth
 + Level 2.8 Shields
 + Level 9.5 Spellcasting
 * Level 14.8 Hexes
 + Level 7.5 Transmutations
 - Level 4.0 Ice Magic
 + Level 7.5 Earth Magic
 + Level 6.8 Invocations
 + Level 6.1 Evocations


You had 12 spell levels left.
You knew the following spells:

 Your Spells              Type           Power      Damage    Failure   Level
a - Dazzling Flash        Conj/Hex       86%        N/A       1%          3
b - Ensorcelled Hibernat  Hex/Ice        100%       N/A       1%          2
c - Confusing Touch       Hex            66%        N/A       1%          3
d - Tukima's Dance        Hex            66%        N/A       1%          3
f - Petrify               Tmut/Erth      43%        N/A       3%          4
g - Metabolic Englaciati  Hex/Ice        25%        N/A       4%          5
p - Passwall              Tmut/Erth      35%        N/A       1%          2

Your spell library contained the following spells:

 Spells                   Type           Power      Damage    Failure   Level
 Sandblast                Erth           86%        2d18      1%          1
 Sting                    Tmut/Pois      100%       1d8       1%          1
 Portal Projectile        Hex/Tloc       86%        N/A       1%          3
 Leda's Liquefaction      Hex/Erth       28%        N/A       1%          4
 Yara's Violent Unravell  Hex/Tmut       28%        3d12      2%          5
 Stone Arrow              Conj/Erth      54%        3d10      5%          3
 Magic Dart               Conj           40%        1d5       9%          1
 Ignite Poison            Fire/Tmut/Pois 21%        N/A       9%          3
 Blade Hands              Tmut           21%        N/A       11%         5
 Lee's Rapid Deconstruct  Erth           21%        3d12*     11%         5
 Call Imp                 Summ           10%        N/A       13%         2
 Lesser Beckoning         Tloc           20%        N/A       13%         2
 Poisonous Vapours        Pois/Air       20%        N/A       13%         2
 Static Discharge         Conj/Air       20%        2-3/arc   13%         2
 Gell's Gravitas          Tloc           10%        N/A       26%         3
 Kindle Blastsparks       Fire/Tloc/Air  20%        2d11      26%         3
 Mephitic Cloud           Conj/Pois/Air  10%        N/A       26%         3
 Teleport Other           Tloc           10%        N/A       26%         3
 Vhi's Electric Charge    Tloc/Air       20%        N/A       26%         3
 Statue Form              Tmut/Erth      28%        N/A       50%         6
 Airstrike                Air            5%         2d(1-17)  63%         4
 Manifold Assault         Tloc           10%        N/A       63%         4
 Olgreb's Toxic Radiance  Pois           10%        N/A       63%         4
 Passage of Golubria      Tloc           10%        N/A       63%         4
 Summon Lightning Spire   Summ/Air       10%        N/A       63%         4
 Freezing Cloud           Conj/Ice/Air   8%         6-21      80%         5
 Arcjolt                  Conj/Air       5%         1d15      93%         5
 Iskenderun's Battlesphe  Conj           10%        2d6       93%         5
 Lightning Bolt           Conj/Air       5%         1d17      93%         5
 Iron Shot                Conj/Erth      13%        9d3       95%         6
 Dispersal                Tloc           5%         N/A       100%        6
 Spellforged Servitor     Conj/Summ      5%         N/A       100%        7
 Disjunction              Tloc           5%         N/A       100%        8
 Chain Lightning          Conj/Air       5%         3d6       100%        9
 Fire Storm               Conj/Fire      5%         8d1       100%        9
 Shatter                  Erth           21%        3d19*     100%        9


Dungeon Overview and Level Annotations

Branches:
Dungeon (15/15)            Temple (1/1) D:4            Lair (5/5) D:8
  Swamp (3/4) Lair:2        Snake (0/4) Lair:3        Slime (0/5) Lair:4
    Orc (2/2) D:11            Elf (0/3) Orc:2        Vaults (0/5) D:14
 Depths (0/4) D:15        Gauntlet (visited)

Altars:
Dithmenos
Elyvilon
Hepliaklqana
Makhleb
Nemelex Xobeh
Qazlal
Ru
Trog
Uskayaw
Vehumet
Wu Jian
Xom
Yredelemnul
Zin
Jiyva

Shops:
D:6 *   Orc:1 :=?(*   Orc:2 *![:

Portals:
Pandemonium: Orc:2

Annotations:
Lair:2 3 runed translucent doors, LowRida's ghost, journeyman DECj


Innate Abilities, Weirdness & Mutations

You can breathe waves of freezing cold which knock back foes.
Your icy white scales are hard. (AC +9)
You cannot fit into any form of body armour.
Your flesh is cold resistant. (rC+)
You are cold-blooded and may be slowed by cold attacks.
Your body sometimes deteriorates upon taking damage.


Message History

Lightning courses through the spriggan druid!!
With its final breath, the spriggan druid offers up its power to the beasts of the wild!
The swamp worm is healed.
The tyrant leech is healed. x2
The bunyip seems to grow more fierce.
The goliath frog seems to grow more fierce.
The bunyip seems to grow more fierce.
The swamp worm seems to grow more fierce.
The tyrant leech seems to grow more fierce. x2
You kill the spriggan druid!
Dithmenos accepts your kill. The tyrant leech bites you!
* * * LOW HITPOINT WARNING * * *
Your body deteriorates!
You feel clumsy.
The tyrant leech draws strength from your injuries!
You hit the swamp worm.
The swamp worm is lightly wounded.
You strike the helpless swamp worm from behind!
You spit the swamp worm like a pig!!!
You kill the swamp worm!
Dithmenos accepts your kill. The bunyip misses you. The bunyip claws you.
* * * LOW HITPOINT WARNING * * *
The bunyip closely misses you.
You catch the helpless bunyip completely off-guard!
You spit the bunyip like a pig!!! Lightning courses through the bunyip!!
The bunyip is almost dead.
The tyrant leech bites you!!
* * * LOW HITPOINT WARNING * * *
You emit a cloud of dark smoke.
The tyrant leech draws strength from your injuries!
You feel much better. The tyrant leech barely misses you.
You hit the bunyip. Lightning courses through the bunyip!
You kill the bunyip!
Dithmenos accepts your kill.
You feel your dexterity returning.
You hit the tyrant leech.
The tyrant leech is lightly wounded.
Your shadow hits the tyrant leech but does no damage.
The tyrant leech bites you!!!
You die...

♣♣♣♣♣~♣♣♣~. ♣♣........~..
♣♣(≈≈≈..~~~.~.
♣♣.≈≈≈≈≈..~.... ♣♣♣ ♣♣
♣♣§≈≈≈≈≈≈≈≈....~
♣♣~♣♣♣.♣♣♣~..≈≈≈≈≈≈≈....♣
♣~.~♣~~§§♣?...≈≈≈≈w≈..♣
♣♣.~♣♣♣§§§w§..>≈≈≈≈≈≈.~♣♣♣
♣~~..♣♣§§@§§....≈≈w≈≈..~♣≈
♣...♣♣~§§§§§...≈≈§§≈..$♣♣≈
♣♣.~♣.~§§§§.§~..≈Dwwi♣.♣≈≈
♣~.x♣~..~~§....w☼§.♣♣)♣♣≈
♣~~~..~$~~.....~§..♣♣$♣ ≈
♣..Fw~.~............§§§♣
♣♣~~.~......~~~.....§§§♣ ♣
♣~..~~...~.?....~w.♣§§♣ ♣
~..~....§...~~~..~.♣♣§♣♣♣


You could see a tyrant leech (strong, unable to see you).

Vanquished Creatures
  Louise (D:15)
  An orc warlord (Orc:1)
  A minotaur (Gauntlet)
  A dire elephant (D:15)
  3 bunyips
  An ettin (Orc:2)
  A fire dragon (Lair:5)
  Josephine (D:15)
  A shambling mangrove (Swamp:2)
  A rakshasa (D:14)
  7 hydras
  An ogre mage (D:15)
  2 catoblepae
  5 boulder beetles
  A ghost crab (Swamp:2)
  3 demonspawn (Orc:2)
  Erica (D:8)
  6 centaur warriors
  2 death yaks (Lair:1)
  2 merfolk aquamancers
  A death knight (D:14)
  6 two-headed ogres
  5 alligators
  3 tengu warriors
  A soul eater (Orc:2)
  3 orc high priests
  Amaemon (D:11)
  3 spriggans (Swamp:2)
  2 fire crabs (shapeshifter)
  4 skeletal warriors
  A fire crab (Lair:2)
  2 goliath frogs (Swamp:2)
  3 swamp dragons
  A sea snake (shapeshifter) (D:14)
  5 orc knights
  A lindwurm (shapeshifter) (Gauntlet)
  5 deep elf pyromancers
  2 spriggan druids
  8 orc sorcerers
  An oklob plant (Gauntlet)
  4 ugly things
  8 cyclopes
  A will-o-the-wisp (Swamp:1)
  8 manticores
  4 wolf spiders
  2 water nymphs (D:12)
  18 elephants
  An orange demon (D:11)
  3 gargoyles
  2 guardian serpents
  A molten gargoyle (Gauntlet)
  4 torpor snails
  15 cane toads
  13 black mambas
  An efreet (D:14)
  2 minotaur zombies (Gauntlet)
  6 yaktaurs
  A rime drake (Lair:5)
  10 komodo dragons
  2 unseen horrors
  A tengu conjurer (D:13)
  A kobold demonologist (D:14)
  A red devil (Orc:2)
  3 freezing wraiths (D:14)
  2 queen bees (shapeshifter)
  4 meliai
  4 trolls
  A bloated husk (Swamp:2)
  A polar bear (shapeshifter) (Gauntlet)
  A hellwing (Orc:2)
  3 polar bears
  9 hornets
  7 tyrant leeches
  13 blink frogs
  5 dream sheep (Lair:4)
  12 slime creatures
  A snapping turtle (shapeshifter) (D:13)
  6 wraiths
  A water elemental (D:11)
  A human (shapeshifter) (D:15)
  12 wyverns
  2 basilisks
  A redback (Lair:5)
  60 yaks
  A neqoxec (Orc:2)
  4 steam dragons
  13 vampire mosquitoes
  7 wargs
  11 swamp worms
  4 acid dragons
  3 nagas (Lair:3)
  32 orc warriors
  29 water moccasins
  2 black bears
  2 swamp drakes
  An ice beast (D:6)
  2 sky beasts
  8 ogres
  16 wolves
  8 centaurs
  3 kobold brigands
  A phantom (D:7)
  14 bullfrogs
  2 necrophages
  2 scorpions
  8 wights
  A hornet simulacrum (D:9)
  17 killer bees
  An electric eel (Lair:4)
  5 howler monkeys
  29 orc priests
  6 hounds
  A gnoll bouda (D:5)
  A jelly (D:7)
  26 orc wizards
  Natasha (thrice) (D:4)
  8 iguanas
  12 hell rats
  8 gnolls
  2 adders
  2 shadow imps (D:7)
  2 ufetubi (D:5)
  A dart slug (D:5)
  82 orcs
  3 bats
  6 endoplasms
  2 giant cockroaches
  5 hobgoblins
  2 jackals (D:1)
  4 quokkas
  10 ball pythons
  3 frilled lizards
  4 goblins
  16 kobolds
  7 rats
  A spectral hobgoblin (D:9)
801 creatures vanquished.

Vanquished Creatures (collateral kills)
  A wyvern (D:9)
  A yak (D:9)
  An ogre (D:5)
  6 wights
  A howler monkey (D:10)
  A gnoll (D:7)
  3 orcs
14 creatures vanquished.

Vanquished Creatures (others)
  4 dancing weapons
  26 fungi
  87 plants
117 creatures vanquished.

Grand Total: 932 creatures vanquished

Notes
Turn   | Place    | Note
-------+----------+-------------------------------------------
     0 | D:1      | mopl the Draconian Enchanter began the quest for the Orb.
     0 | D:1      | Reached XP level 1. HP: 14/14 MP: 3/3
   195 | D:1      | Reached XP level 2. HP: 20/20 MP: 5/5
   208 | D:1      | Learned a level 2 spell: Ensorcelled Hibernation
   276 | D:1      | Reached skill level 3 in Stealth
   971 | D:2      | Reached skill level 3 in Hexes
  1355 | D:2      | Found a faded altar of an unknown god.
  1359 | D:2      | Reached XP level 3. HP: 26/26 MP: 6/6
  1553 | D:3      | Noticed a necrophage
  1603 | D:2      | Learned a level 3 spell: Confusing Touch
  1777 | D:3      | Killed a necrophage
  1778 | D:3      | Reached XP level 4. HP: 33/33 MP: 3/7
  2375 | D:4      | Found a staircase to the Ecumenical Temple.
  2394 | Temple   | Entered the Ecumenical Temple
  2429 | Temple   | Became a worshipper of Dithmenos the Shadowed
  2498 | D:4      | Noticed a scorpion
  2504 | D:4      | Killed a scorpion
  2505 | D:4      | Reached skill level 2 in Short Blades
  2505 | D:4      | Reached skill level 4 in Stealth
  2505 | D:4      | Reached XP level 5. HP: 38/38 MP: 3/9
  2524 | D:4      | Noticed a moth of wrath
  2527 | D:4      | Found a bloodstained altar of Trog.
  2590 | D:4      | Noticed Natasha
  2596 | D:4      | Killed Natasha
  2611 | D:4      | Found a stormy altar of Qazlal.
  2614 | D:4      | Found a radiant altar of Vehumet.
  2614 | D:4      | Found a sparkling altar of Nemelex Xobeh.
  2614 | D:4      | Found a sacrificial altar of Ru.
  2617 | D:4      | Found a hide-covered altar of Uskayaw.
  2775 | D:4      | Reached skill level 4 in Hexes
  2885 | D:3      | Reached skill level 3 in Spellcasting
  2933 | D:4      | Reached XP level 6. HP: 17/45 MP: 2/10
  3434 | D:4      | Reached * piety under Dithmenos
  3468 | D:4      | Found a staircase to the Ecumenical Temple.
  3469 | D:4      | Noticed Natasha
  3475 | D:4      | Killed Natasha
  3476 | D:4      | Reached skill level 5 in Stealth
  3478 | D:4      | Reached skill level 3 in Short Blades
  3478 | D:4      | Your scales start taking on an icy white colour.
  3478 | D:4      | Reached XP level 7. HP: 49/50 MP: 4/12
  3478 | D:4      | Gained mutation: Your flesh is cold resistant. (rC+) [White
                  | Draconian growth]
  3553 | D:4      | Found a radiant altar of Vehumet.
  3558 | D:4      | Found a sacrificial altar of Ru.
  3559 | D:4      | Found a hide-covered altar of Uskayaw.
  3560 | D:4      | Found a stormy altar of Qazlal.
  3561 | D:4      | Found a sparkling altar of Nemelex Xobeh.
  3622 | D:4      | Found a bloodstained altar of Trog.
  3761 | D:4      | Noticed Natasha
  3766 | D:4      | Killed Natasha
  3886 | D:5      | Entered Level 5 of the Dungeon
  4128 | D:4      | Learned a level 3 spell: Tukima's Dance
  4131 | D:4      | Learned a level 2 spell: Passwall
  4146 | D:5      | Reached skill level 5 in Hexes
  4444 | D:5      | Found a shimmering altar of Xom.
  4846 | D:4      | Reached skill level 6 in Stealth
  4846 | D:4      | Reached XP level 8. HP: 18/55 MP: 0/13
  5002 | D:5      | Reached skill level 4 in Spellcasting
  5073 | D:6      | Learned a level 3 spell: Dazzling Flash
  5167 | D:6      | Reached skill level 6 in Short Blades
  5167 | D:6      | Reached skill level 10 in Stealth
  5167 | D:6      | Reached skill level 9 in Hexes
  5167 | D:6      | Reached XP level 9. HP: 62/62 MP: 15/15
  5197 | D:6      | Reached ** piety under Dithmenos
  5287 | D:6      | Found Mousm's Assorted Antiques.
  5295 | D:6      | Bought a puce potion for 21 gold pieces
  5295 | D:6      | Bought a scroll labelled GIATOD XEUTEEWUOCS for 24 gold
                  | pieces
  5295 | D:6      | Bought a scroll labelled OMEANUAWIT for 24 gold pieces
  5980 | D:7      | Reached skill level 1 in Ice Magic
  6143 | D:7      | Reached skill level 1 in Transmutations
  6252 | D:7      | Reached skill level 1 in Earth Magic
  6545 | D:7      | Reached skill level 7 in Short Blades
  6609 | D:7      | Noticed a gargoyle
  6609 | D:7      | Noticed a manticore
  6750 | D:7      | Reached skill level 2 in Ice Magic
  6750 | D:7      | Reached XP level 10. HP: 57/69 MP: 7/16
  6752 | D:7      | Killed a manticore
  6832 | D:7      | Reached skill level 2 in Transmutations
  6854 | D:7      | Killed a gargoyle
  7248 | D:7      | Reached *** piety under Dithmenos
  7556 | D:8      | Reached skill level 2 in Earth Magic
  7726 | D:8      | Found a staircase to the Lair.
  7734 | D:8      | Noticed Erica
  7755 | D:8      | Killed Erica
  8065 | D:8      | Found a white marble altar of Elyvilon.
  8363 | D:9      | Reached skill level 3 in Ice Magic
  8398 | D:9      | Noticed a manticore
  8401 | D:9      | Killed a manticore
  8443 | D:8      | Reached skill level 5 in Spellcasting
  8443 | D:8      | Reached skill level 10 in Hexes
  8662 | D:9      | Noticed a manticore
  8665 | D:9      | Killed a manticore
  8666 | D:9      | Reached skill level 11 in Stealth
  8666 | D:9      | Reached skill level 3 in Transmutations
  8666 | D:9      | Reached XP level 11. HP: 74/74 MP: 18/18
  8780 | D:9      | Reached skill level 3 in Earth Magic
  8794 | D:9      | Reached **** piety under Dithmenos
  8909 | D:9      | Noticed a two-headed ogre
  8932 | D:9      | Killed a two-headed ogre
  9020 | D:9      | Found a hazy altar of Hepliaklqana.
  9392 | D:10     | Entered Level 10 of the Dungeon
  9472 | D:10     | Found a basalt altar of Yredelemnul.
  9703 | D:10     | Reached skill level 8 in Short Blades
  9904 | D:10     | Noticed a deep elf pyromancer
  9913 | D:10     | Killed a deep elf pyromancer
 10163 | Lair:1   | Entered Level 1 of the Lair of Beasts
 10279 | D:8      | HP: 2/74 [torpor snail (19)]
 10371 | Lair:1   | Reached skill level 12 in Stealth
 10371 | Lair:1   | Reached skill level 11 in Hexes
 10377 | Lair:1   | Reached skill level 6 in Spellcasting
 10717 | Lair:1   | Noticed a death yak
 10718 | Lair:1   | Noticed a death yak
 10752 | Lair:1   | Killed a death yak
 10758 | Lair:1   | Killed a death yak
 10759 | Lair:1   | Reached XP level 12. HP: 80/81 MP: 11/21
 11122 | Lair:2   | Found a staircase to the Swamp.
 11325 | Lair:2   | Reached skill level 1 in Invocations
 11339 | Lair:2   | Noticed LowRida's ghost (journeyman DECj)
 11340 | Lair:2   | Noticed a minotaur
 11386 | Lair:2   | Found a runed translucent gate.
 11386 | Lair:2   | Found a runed translucent gate.
 11386 | Lair:2   | Found a runed translucent gate.
 11403 | Lair:2   | Noticed an eight-headed hydra
 11407 | Lair:2   | Killed an eight-headed hydra
 11439 | Lair:2   | Reached skill level 2 in Invocations
 11440 | Lair:2   | Reached ***** piety under Dithmenos
 11565 | Lair:2   | Reached skill level 9 in Short Blades
 11919 | Lair:3   | Reached skill level 13 in Stealth
 12331 | Lair:3   | Reached skill level 3 in Invocations
 12355 | Lair:3   | Reached skill level 12 in Hexes
 12360 | Lair:3   | Reached skill level 7 in Spellcasting
 12657 | Lair:3   | Learned a level 4 spell: Petrify
 12778 | Lair:3   | Found a staircase to the Snake Pit.
 12968 | Lair:3   | Learned a level 5 spell: Metabolic Englaciation
 13078 | Lair:4   | Noticed a five-headed hydra
 13085 | Lair:4   | Killed a five-headed hydra
 13086 | Lair:4   | Reached XP level 13. HP: 86/86 MP: 8/23
 13532 | Lair:4   | Reached skill level 4 in Invocations
 13613 | Lair:4   | Reached skill level 4 in Ice Magic
 13740 | Lair:4   | Reached skill level 4 in Transmutations
 13788 | Lair:4   | Found a viscous altar of Jiyva.
 13789 | Lair:4   | Found a staircase to the Slime Pits.
 14071 | Lair:5   | Entered Level 5 of the Lair of Beasts
 14076 | Lair:5   | Reached skill level 4 in Earth Magic
 14146 | Lair:5   | Reached ****** piety under Dithmenos
 14560 | Lair:5   | Reached skill level 1 in Fighting
 14566 | Lair:5   | Reached skill level 1 in Evocations
 14610 | Lair:5   | Reached skill level 5 in Invocations
 14812 | Lair:5   | Reached skill level 14 in Stealth
 14985 | Lair:5   | Reached skill level 2 in Fighting
 15000 | Lair:5   | Reached XP level 14. HP: 99/99 MP: 15/25
 15098 | Lair:5   | Reached skill level 13 in Hexes
 15098 | Lair:5   | Reached skill level 2 in Evocations
 15181 | Lair:5   | Reached skill level 10 in Short Blades
 15195 | Lair:5   | Reached skill level 5 in Transmutations
 15578 | Lair:5   | Reached skill level 8 in Spellcasting
 15592 | Lair:5   | Identified the +1 pair of gloves of Enou {Str+3 Int+3}
 15762 | Lair:5   | Reached skill level 5 in Earth Magic
 16014 | Lair:5   | Reached skill level 3 in Fighting
 16435 | D:11     | Reached skill level 3 in Evocations
 16874 | D:11     | Noticed Amaemon
 16905 | D:11     | Killed Amaemon
 16932 | D:11     | Found a staircase to the Orcish Mines.
 17123 | Orc:1    | Entered Level 1 of the Orcish Mines
 17157 | Orc:1    | Found Hoskiy's General Store.
 17220 | Orc:1    | Bought a potion of might for 44 gold pieces
 17220 | Orc:1    | Bought a scroll of amnesia for 44 gold pieces
 17220 | Orc:1    | Bought 3 scrolls of identify for 66 gold pieces
 17220 | Orc:1    | Bought a wand of iceblast (1) for 26 gold pieces
 17234 | Orc:1    | Found Seget's Weapon Boutique.
 17328 | Orc:2    | Entered Level 2 of the Orcish Mines
 17432 | Orc:1    | Noticed an orc warlord
 17612 | Orc:2    | Found Meschu's Distillery.
 17613 | Orc:2    | Found Fyhobbav's General Store.
 17912 | Orc:2    | Bought a potion of curing for 42 gold pieces
 17912 | Orc:2    | Bought a potion of cancellation for 112 gold pieces
 17912 | Orc:2    | Bought a potion of heal wounds for 70 gold pieces
 17914 | Orc:2    | Bought a scroll of teleportation for 36 gold pieces
 17914 | Orc:2    | Bought a scroll of enchant weapon for 90 gold pieces
 17914 | Orc:2    | Bought a scroll of torment for 114 gold pieces
 18052 | Orc:2    | Found a staircase to the Elven Halls.
 18165 | Orc:2    | Reached skill level 4 in Fighting
 18478 | Orc:1    | Found Teisafo's Magic Scroll Shoppe.
 18492 | Orc:1    | Bought a scroll of noise for 14 gold pieces
 18492 | Orc:1    | Bought a scroll of fear for 56 gold pieces
 18492 | Orc:1    | Bought a scroll of immolation for 56 gold pieces
 18492 | Orc:1    | Bought a scroll of silence for 133 gold pieces
 18492 | Orc:1    | Bought a scroll of identify for 28 gold pieces
 18497 | Orc:1    | Acquired a +7 rapier of speed
 18531 | Orc:1    | Found Zot Upuo's Jewellery Shop.
 18554 | Orc:1    | Found Gaubie's Book Shoppe.
 18698 | Orc:1    | Killed an orc warlord
 19459 | Orc:2    | Gained mutation: Your body sometimes deteriorates upon
                  | taking damage. [a neqoxec]
 19650 | Orc:1    | Reached skill level 6 in Transmutations
 19703 | Orc:2    | Reached skill level 4 in Evocations
 19703 | Orc:2    | Reached XP level 15. HP: 90/111 MP: 20/27
 19826 | Orc:2    | Reached skill level 6 in Earth Magic
 19830 | Orc:2    | Found Waxzoth's Antique Armour Boutique.
 19830 | Orc:2    | Found a one-way gate leading to the halls of Pandemonium.
 19830 | Orc:2    | Found Zeny's Book Shop.
 19861 | Orc:2    | Bought a pair of embroidered boots for 240 gold pieces
 20159 | D:12     | Found a gate leading to a gauntlet.
 20177 | Gauntlet | Entered a Gauntlet
 20177 | Gauntlet | Found a transporter.
 20177 | Gauntlet | Found a transporter.
 20181 | Gauntlet | Found a transporter.
 20181 | Gauntlet | Found a transporter.
 20184 | Gauntlet | Found a transporter.
 20200 | Gauntlet | Found a transporter.
 20213 | Gauntlet | Found a transporter.
 20235 | Gauntlet | Found a transporter.
 20238 | Gauntlet | Found a transporter.
 20238 | Gauntlet | Found a transporter.
 20255 | Gauntlet | Found a transporter.
 20272 | Gauntlet | Found a transporter.
 20282 | Gauntlet | Found a transporter.
 20297 | Gauntlet | Found a transporter.
 20381 | Gauntlet | Reached skill level 15 in Stealth
 20537 | Gauntlet | Identified the amulet "Guamiw" {rElec rPois Regen+ Dex+3
                  | Stlth+}
 20613 | Gauntlet | Identified the +1 spear of Malaise {freeze, Will+ Dex+4
                  | Stlth+}
 20613 | Gauntlet | Identified the amulet of Jealousy {Acrobat Rampage *Slow
                  | Int+4}
 20652 | Gauntlet | Identified the +0 scale mail of Purpose {Slay+5 SInv}
 20746 | D:12     | Reached skill level 2 in Dodging
 20820 | D:12     | Acquired a +2 hat of stealth
 20911 | D:12     | HP: 5/112 [merfolk aquamancer/shard of ice (25)]
 20917 | D:12     | HP: 4/112 [merfolk aquamancer/+3 rapier of freezing (2)]
 21017 | D:11     | Reached skill level 5 in Fighting
 21482 | D:11     | Found a staircase to the Orcish Mines.
 21660 | D:12     | Reached skill level 14 in Hexes
 22691 | D:13     | Found a glowing silver altar of Zin.
 23197 | D:14     | Found a gate to the Vaults.
 23206 | D:14     | Reached skill level 9 in Spellcasting
 23240 | D:14     | Reached skill level 5 in Evocations
 23337 | D:14     | Reached skill level 11 in Short Blades
 23350 | D:14     | Reached skill level 3 in Dodging
 23838 | D:14     | Reached skill level 7 in Transmutations
 23874 | D:14     | Reached skill level 1 in Shields
 24142 | D:14     | Reached XP level 16. HP: 122/122 MP: 29/29
 24144 | D:14     | Reached skill level 6 in Invocations
 24166 | D:14     | Identified the +4 scale mail "Palaeme" {rElec rCorr}
 24394 | D:15     | Entered Level 15 of the Dungeon
 24454 | D:15     | Reached skill level 7 in Earth Magic
 24456 | D:15     | Found a shadowy altar of Dithmenos.
 24786 | D:15     | Reached skill level 6 in Fighting
 24889 | D:15     | Found a white marble altar of Elyvilon.
 24973 | D:15     | Noticed Josephine
 25008 | D:15     | Killed Josephine
 25133 | D:15     | Found a staircase to the Depths.
 25288 | D:15     | Noticed Louise
 25296 | D:15     | Killed Louise
 25299 | D:15     | Reached skill level 2 in Shields
 25732 | Swamp:1  | Entered Level 1 of the Swamp
 25901 | Swamp:1  | You fall into a shaft and drop 1 floor!
 26588 | Swamp:1  | Reached skill level 6 in Evocations
 27227 | Swamp:2  | Reached skill level 4 in Dodging
 27448 | Swamp:3  | HP: 5/124 [tyrant leech (22)]
 27451 | Swamp:3  | Demolished by a tyrant leech

Illustrated notes

Levels and vault maps discovered:
D:1:      dpeg_arrival_round_c, layout_loops_ring, serial_rivers,
          chequers_serial_rivers_marsh, chequers_serial_rivers_micro_d,
          chequers_serial_rivers_micro_c, chequers_serial_rivers_micro_b,
          chequers_serial_rivers_room_a
D:2:      layout_loops_ring, ebering_ecumenical_altar_hall,
          hangedman_abyss_or_decor_lesser_grid
D:3:      layout_basic
D:4:      layout_basic, grunt_temple_overflow_open, tgw_trog,
          minmay_temple_entry_stoned_glass, uniq_natasha
D:5:      layout_loops_ring, mainiacjoe_overflow_concentric_impassable
D:6:      layout_rooms, serial_shops, nicolae_shop_stone,
          nicolae_underground_beach
D:7:      wad_guarded_room, layout_layer_cave, minmay_diced_spiral
D:8:      layout_loops_ring, mainiacjoe_overflow_six_doors_small,
          lair_entry_dummy, uniq_erica
D:9:      layout_rooms, nicolae_hepliaklqana_monster_ancestors, kb_rosetta
D:10:     layout_roguey, yredelemnul_altar_generic, columned_hall_lemuel
D:11:     layout_basic, minmay_orc_entry_guard_dogs, serial_corexii_hall,
          chequers_hall_statues_wall_a, corexii_hall_statues_s,
          nrook_guardian_serpent_double, uniq_amaemon
D:12:     layout_basic, gauntlet_entry_generic, nicolae_splish_splash
D:13:     layout_basic, zin_academy
D:14:     minmay_the_grid_net [minmay_the_grid_minigrid_medium,
          minmay_the_grid_rooms, minmay_the_grid_gridbox,
          minmay_the_grid_minigrid_small, minmay_the_grid_square_x,
          minmay_the_grid_prize_inner_circle], layout_loops_ring, nicolae_titane
D:15:     hangedman_depths_entry_try_elsewhere_first, layout_loops_corners,
          lemuel_doored_altar, statue_in_the_mist_lemuel,
          nicolae_dithmenos_through_a_glass_darkly, uniq_josephine, uniq_louise
Temple:   hc_temple_tempest_star
Lair:1:   layout_hall_layers
Lair:2:   nzn_winding_woodlands_three_and_one
          [nzn_winding_woodlands_5x15_garden, nzn_winding_woodlands_5x15_twine,
          nzn_winding_woodlands_5x15_zeroes,
          nzn_winding_woodlands_center_lodge], layout_long_grid,
          swamp_mist_pool, maelrawn_ghost_gauntlet_escape
Lair:3:   layout_layer_cave, nicolae_snake_entry_squirm,
          chequers_serial_rivers_large_b
Lair:4:   layout_long_grid, dpeg_slime_entry_corner, minivault_23,
          grunt_forest_small_clearings, serial_bayou_pond_d, serial_bayou_ford_a
Lair:5:   guppyfry_lair_end_dragon, layout_big_grid,
          hangedman_lair_tendril_chambers, serial_bayou_shore_b
Swamp:1:  layout_basic_swamp, evilmike_swamp_ruin_house_3
Swamp:2:  layout_falls_marsh, evilmike_swamp_ruin_house_2,
          infiniplex_staircase_pool_2
Swamp:3:  layout_falls_marsh, nicolae_swamp_some_circles, swamp_pool1,
          infiniplex_staircase_pool
Orc:1:    layout_diamond_mine, serial_shops, nicolae_shop_trees, shop,
          nicolae_shop_bloodbath_and_beyond, shop, shop
Orc:2:    pf_orc_diabolical, layout_caves, nicolae_orc_sculptors_studio

Skill      XL: |  1  2  3  4  5  6  7  8  9 10 11 12 13 14 15 16 |
---------------+-------------------------------------------------+-----
Stealth        | 3 4 5 6 10 11 12 13 14 15 | 15.5
Hexes          | 3 4 5 9 10 11 12 13 14 | 14.8
Short Blades   | 2 3 6 7 8 9 10 11 | 11.3
Spellcasting   | 3 4 5 6 7 8 9 |  9.5
Ice Magic      | 2 3 4 |  4.0
Transmutations | 1 3 4 6 7 |  7.5
Earth Magic    | 1 2 3 4 5 6 7 |  7.5
Invocations    | 3 5 6 |  6.8
Fighting       | 2 4 5 6 |  6.5
Evocations     | 1 4 5 6 |  6.1
Dodging        | 3 4 |  4.0
Shields        | 1 2 |  2.8

Action                     |  1- 3 |  4- 6 |  7- 9 | 10-12 | 13-15 | 16-18 || total
---------------------------+-------+-------+-------+-------+-------+-------++-------
  Melee: Dagger            |    89 |   109 |   317 |   429 |  1002 |   150 ||  2096
         Tailslap          |    14 |    13 |    26 |    66 |   150 |    18 ||   287
         Punch             |     2 |       |       |     4 |     8 |       ||    14
         Unarmed           |       |       |       |    14 |       |       ||    14
         Rapier            |       |       |       |       |    32 |       ||    32
  Throw: Dart              |       |       |       |     4 |     3 |       ||     7
   Cast: Ensorcelled Hiber |     5 |    34 |    62 |   153 |   417 |    45 ||   716
         Confusing Touch   |     1 |       |     1 |     3 |    19 |     9 ||    33
         Tukima's Dance    |       |       |    14 |    17 |     6 |       ||    37
         Dazzling Flash    |       |       |     5 |     1 |     5 |       ||    11
         Petrify           |       |       |       |       |    12 |     1 ||    13
         Passwall          |       |       |       |       |     6 |     8 ||    14
Ability: Breathe Frost     |       |       |     7 |     5 |     5 |     2 ||    19
  Evoke: Wand              |       |       |       |       |     8 |     7 ||    15
    Use: Scroll            |       |       |     4 |     8 |    10 |     5 ||    27
         Potion            |       |       |     1 |     1 |     5 |     3 ||    10
   Stab: Sleeping          |     5 |    19 |    39 |   121 |   297 |    63 ||   544
         Confused          |     2 |       |     1 |     7 |    16 |     7 ||    33
         Distracted        |       |     1 |     1 |       |     3 |     2 ||     7
         Invisible         |       |       |     1 |       |    11 |     2 ||    14
         Petrifying        |       |       |       |       |     6 |       ||     6
         Petrified         |       |       |       |       |     5 |     1 ||     6
         Paralysed         |       |       |       |       |     1 |       ||     1
 Armour: Skin              |    29 |    29 |    90 |    74 |   221 |    36 ||   479
  Dodge: Dodged            |    50 |    80 |   236 |   345 |   690 |    90 ||  1491
  Block: Buckler           |       |       |       |       |     5 |    42 ||    47

Table legend: (Time is in decaauts)
 A = Elapsed time spent in this place.
 B = Non-inter-level travel time spent in this place.
 C = Inter-level travel time spent in this place.
 D = Time resting spent in this place.
 E = Time spent auto-exploring this place.
 F = Levels seen in this place.
 G = Mean time per level.
                   A        B        C        D        E       F      G
               +--------+--------+--------+--------+--------+-----+--------+
         Total |  26869 |  24268 |   2601 |   3329 |  13747 |  27 |  995.1 |
       Dungeon |  16062 |  14014 |   2048 |   1546 |   8800 |  15 | 1070.8 |
        Temple |     49 |     36 |     13 |      0 |     27 |   1 |   49.0 |
          Lair |   5818 |   5508 |    310 |    942 |   2921 |   5 | 1163.6 |
         Swamp |   1808 |   1719 |     89 |    338 |    892 |   3 |  602.7 |
  Orcish Mines |   2652 |   2514 |    138 |    474 |   1106 |   2 | 1326.0 |
      Gauntlet |    477 |    477 |      0 |     29 |      0 |   1 |  477.0 |
               +--------+--------+--------+--------+--------+-----+--------+

Top non-repeatable levels by time:
  Lair:5: 1785 daAuts
     D:4: 1759 daAuts
   Orc:2: 1665 daAuts
     D:7: 1570 daAuts
    D:11: 1533 daAuts
  Lair:3: 1477 daAuts
     D:8: 1430 daAuts
    D:14: 1186 daAuts
     D:9: 1140 daAuts
   Orc:1: 986 daAuts
    D:13: 964 daAuts
 Swamp:2: 948 daAuts
  Lair:4: 941 daAuts
     D:3: 928 daAuts
    D:15: 887 daAuts
